 Dungeon Crawl Stone Soup version 0.29.1-15-g9cfb28693d (webtiles) character file.

Game seed: 5978205719727516939

2188 jtron the Cleaver (level 9, -16/82 HPs)
             Began as a Hill Orc Fighter on Feb 26, 2023.
             Was an Initiate of Beogh.
             Demolished by a two-headed ogre
             ... wielding a +0 giant spiked club
              (26 damage)
             ... on level 7 of the Dungeon.
             The game lasted 00:14:10 (7365 turns).

jtron the Cleaver (Hill Orc Fighter)                Turns: 7365, Time: 00:14:11

Health: -16/82     AC:  9    Str: 18 (19) XL:     9   Next: 33%
Magic:  9/9        EV:  9    Int:  7 (8)  God:    Beogh [......]
Gold:   378        SH:  5    Dex: 13 (14) Spells: 8/8 levels left

rFire   . . .      SeeInvis .   a - +2 war axe (venom)
rCold   . . .      Faith    .   c - +0 buckler
rNeg    . . .      Spirit   .   v - +0 scale mail
rPois   .          Reflect  .   (no helmet)
rElec   .          Harm     .   (no cloak)
rCorr   .          Rampage  .   q - +0 pair of gloves
Will    .....                   (no boots)
Stlth   ..........              (no amulet)
HPRegen 0.23/turn               (no ring)
MPRegen 0.11/turn               (no ring)

@: hasted, very quick
A: no striking features
a: Renounce Religion


You were on level 7 of the Dungeon.
You worshipped Beogh.
Beogh was noncommittal.
You visited 2 branches of the dungeon, and saw 8 of its levels.

You collected 378 gold pieces.

Inventory:

Hand Weapons
 a - a +2 war axe of venom (weapon)
 b - a +0 sling
 h - a +0 war axe
 l - a +2 falchion of electrocution
 x - a +4 war axe
Missiles
 g - 2 atropa-tipped darts
 n - 49 stones (quivered)
Armour
 c - a +0 buckler (worn)
 q - a +0 pair of gloves (worn)
 v - a +0 scale mail (worn)
Jewellery
 C - a ring of protection from fire
Wands
 w - a wand of digging (6)
Scrolls
 f - 2 scrolls of amnesia {unknown}
 j - 2 scrolls of immolation {unknown}
 k - 2 scrolls of fear {unknown}
 o - a scroll of torment {unknown}
 p - a scroll of vulnerability {unknown}
 r - a scroll of silence {unknown}
 s - 3 scrolls of teleportation
 t - a scroll of brand weapon {unknown}
 y - 2 scrolls of poison {unknown}
 z - a scroll of enchant weapon {unknown}
 A - a scroll of acquirement {unknown}
Potions
 d - a potion of lignification {unknown}
 e - 2 potions of flight
 m - 4 potions of mutation
 u - a potion of brilliance


   Skills:
 * Level 8.4 Fighting
 + Level 10.8 Axes
 + Level 0.3 Ranged Weapons
 + Level 0.8 Throwing
 + Level 7.1 Armour
 + Level 4.2 Shields


You had 8 spell levels left.
You didn't know any spells.
Your spell library contained the following spells:

 Spells                   Type           Power      Damage    Failure   Level
 Shock                    Conj/Air       0%         1d3       86%         1
 Sting                    Tmut/Pois      0%         1d3       86%         1
 Poisonous Vapours        Pois/Air       0%         N/A       95%         2
 Static Discharge         Conj/Air       0%         3-3/arc   95%         2
 Swiftness                Air            0%         N/A       99%         3
 Airstrike                Air            0%         2d(0-16)  100%        4
 Olgreb's Toxic Radiance  Pois           0%         N/A       100%        4
 Summon Ice Beast         Ice/Summ       0%         N/A       100%        4
 Lightning Bolt           Conj/Air       0%         1d11      100%        5
 Summon Mana Viper        Hex/Summ       0%         N/A       100%        5
 Monstrous Menagerie      Summ           0%         N/A       100%        7
 Maxwell's Capacitive Co  Air            0%         ∞         100%        8


Dungeon Overview and Level Annotations

Branches:
Dungeon (7/15)             Temple (1/1) D:6

Altars:
Ashenzari
Cheibriados
Dithmenos
Elyvilon
Fedhas
Gozag
Hepliaklqana
Kikubaaqudgha
Makhleb
Nemelex Xobeh
Okawaru
Ru
Sif Muna
Trog
Uskayaw
Vehumet
Wu Jian
Xom
Yredelemnul

Annotations:
D:2 Sigmund


Message History

A two-headed ogre comes into view.
It is wielding two +0 giant spiked clubs.
The two-headed ogre moves out of view.
An iguana comes into view.
The iguana hisses angrily.
The white imp shouts, "Capitulate, thou gleeking fly-bitten vassal!"
You slash the white imp!
You kill the white imp!
Beogh accepts your kill.
You hit the iguana.
The iguana is poisoned.
The iguana is moderately wounded.
You completely miss the iguana.
The iguana is moderately wounded.
The iguana closely misses you. The iguana barely misses you.
You hit the iguana but do no damage.
The iguana is heavily wounded.
You slash the iguana!
You kill the iguana!
Beogh accepts your kill.
No target in view!
A two-headed ogre is nearby!
The two-headed ogre shouts in stereo!
Found a stone staircase leading up.
The two-headed ogre barely misses you.
The two-headed ogre hits you with a +0 giant spiked club!
You slash the two-headed ogre!
The two-headed ogre is poisoned.
The two-headed ogre is lightly wounded.
The two-headed ogre closely misses you.
The two-headed ogre hits you with a +0 giant spiked club!!
You hit the two-headed ogre.
The two-headed ogre looks as sick as possible!
The two-headed ogre is lightly wounded.
You block the two-headed ogre's attack.
The two-headed ogre hits you with a +0 giant spiked club!!
You feel yourself speed up.
You slash the two-headed ogre!
The two-headed ogre looks as sick as possible!
The two-headed ogre is heavily wounded.
The two-headed ogre hits you with a +0 giant spiked club!!
* * * LOW HITPOINT WARNING * * *
The two-headed ogre hits you with a +0 giant spiked club!!
You die...

.⌠.#.## #.# #.#
_...## #.# #.#
.⌠.## ##.###.# ####
##...##.#
#######...(.#.#
<.............#
##.....#.#
##O..##.#
#######@###.#
#.#####...........#
#.............#####
#######.#######
#.......# #########


You could see a two-headed ogre (extremely poisoned).

Vanquished Creatures
  Maggie (D:7)
  Grinder (D:3)
  A water moccasin (D:6)
  2 ogres
  A centaur (D:6)
  A phantom (D:6)
  4 scorpions
  A necrophage (D:3)
  2 wights (D:6)
  2 vampire bats (D:7)
  6 bullfrog zombies (D:6)
  A howler monkey (D:5)
  3 centaur zombies (D:6)
  A hound (D:4)
  A human zombie (D:6)
  3 jellies
  3 iguanas
  2 orc wizards
  Robin (D:2)
  7 adders
  2 white imps (D:7)
  2 worms
  6 dart slugs
  11 orcs
  3 bat skeletons (D:7)
  A bat zombie (D:7)
  6 endoplasms
  4 giant cockroaches
  15 goblins
  13 hobgoblins
  2 jackals (D:1)
  6 kobolds
  2 quokkas
  7 ball pythons
  8 bats
  4 frilled lizards
  8 rats
144 creatures vanquished.

Vanquished Creatures (others)
  A bullfrog (D:7)
  2 plants (D:3)
3 creatures vanquished.

Grand Total: 147 creatures vanquished

Notes
Turn   | Place    | Note
-------+----------+-------------------------------------------
     0 | D:1      | jtron the Hill Orc Fighter began the quest for the Orb.
     0 | D:1      | Reached XP level 1. HP: 19/19 MP: 1/1
   123 | D:1      | Reached XP level 2. HP: 27/27 MP: 2/2
   138 | D:1      | Reached skill level 3 in Axes
   577 | D:1      | Reached XP level 3. HP: 33/33 MP: 3/3
   817 | D:2      | Found a shimmering altar of Xom.
  1102 | D:2      | Reached XP level 4. HP: 32/40 MP: 4/4
  1140 | D:2      | Noticed Robin
  1144 | D:2      | Reached skill level 4 in Axes
  1150 | D:2      | Killed Robin
  1337 | D:2      | Noticed Sigmund
  1410 | D:3      | Found a shadowy altar of Dithmenos.
  1967 | D:3      | Reached XP level 5. HP: 45/47 MP: 5/5
  1986 | D:3      | You fall into a shaft and drop 2 floors!
  1986 | D:5      | Entered Level 5 of the Dungeon
  2311 | D:4      | Reached skill level 5 in Axes
  2577 | D:4      | Reached XP level 6. HP: 49/55 MP: 6/6
  2941 | D:4      | Reached skill level 6 in Axes
  3211 | D:4      | Found an opulent altar of Gozag.
  3561 | D:3      | Reached skill level 5 in Fighting
  3635 | D:3      | Found a faded altar of an unknown god.
  3643 | D:3      | Noticed Grinder
  3669 | D:3      | Paralysed by Grinder for 5 turns
  3684 | D:3      | Paralysed by Grinder for 5 turns
  3706 | D:3      | Paralysed by Grinder for 4 turns
  3716 | D:3      | Killed Grinder
  3717 | D:3      | Reached skill level 7 in Axes
  3717 | D:3      | Reached skill level 5 in Armour
  3717 | D:3      | Reached XP level 7. HP: 54/61 MP: 7/7
  5085 | D:5      | Reached skill level 8 in Axes
  5085 | D:5      | Reached XP level 8. HP: 48/71 MP: 8/8
  5246 | D:6      | Found a sacrificial altar of Ru.
  5345 | D:6      | Found a staircase to the Ecumenical Temple.
  5380 | Temple   | Entered the Ecumenical Temple
  5782 | D:6      | Reached skill level 9 in Axes
  6199 | D:6      | Reached XP level 9. HP: 69/80 MP: 9/9
  6312 | D:6      | Reached skill level 10 in Axes
  6343 | D:6      | Found a basalt altar of Yredelemnul.
  6543 | D:7      | Became a worshipper of Beogh the Brigand
  6652 | D:7      | Noticed Maggie
  6674 | D:7      | Killed Maggie
  6674 | D:7      | HP: 3/81 [poisoned by Maggie]
  7051 | D:7      | Found an ancient bone altar of Kikubaaqudgha.
  7332 | D:7      | Noticed a two-headed ogre
  7365 | D:7      | Demolished by a two-headed ogre

Illustrated notes

Levels and vault maps discovered:
D:1:      wander_arrival_abandoned_jail, layout_basic, serial_curves,
          eino_curves_02, eino_curves_01, eino_curves_03, eino_curves_02,
          minmay_pentomino_w4
D:2:      layout_basic, serial_glass, glass_columns_a, glass_columns_c,
          glass_columns_a, glass_columns_a, glass_columns_a, glass_columns_b,
          glass_columns_a, glass_columns_a, basic_altar, minmay_quantized,
          uniq_sigmund, uniq_robin
D:3:      minmay_evil_eye, layout_loops_ring, nicolae_dithmenos_the_darkroom,
          shapermc_ecumenical_altar_mp_ritualfount, uniq_grinder
D:4:      layout_basic, nicolae_overflow_hidden_temple, portal_sewer_entry_d,
          minmay_misc_feat_roman
D:5:      layout_loops_ring
D:6:      layout_gridville, nicolae_ru_awakened_eye,
          lemuel_mausoleum_altar_yredelemnul, temple_pool_b,
          hangedman_decor_push
D:7:      layout_loops_ring, kennysheep_vampire_church,
          chequers_serial_rivers_micro_a, sigmund_army, uniq_maggie
Temple:   eino_temple_water

Skill      XL: |  1  2  3  4  5  6  7  8  9 |
---------------+----------------------------+-----
Axes           | 3 4 5 7 8 9 10 | 10.8
Fighting       | 4 5 6 7 8 |  8.4
Armour         | 4 5 6 7 |  7.1
Shields        | 4 |  4.2
Ranged Weapons | |  0.3
Throwing       | |  0.8

Action                   |  1- 3 |  4- 6 |  7- 9 || total
-------------------------+-------+-------+-------++-------
Melee: War axe           |   108 |   159 |   221 ||   488
 Fire: Sling             |       |     2 |       ||     2
Throw: Stone             |     5 |     1 |     3 ||     9
       Dart              |     2 |     3 |       ||     5
       Boomerang         |       |     1 |       ||     1
Invok: Convert to Beogh  |       |       |     1 ||     1
  Use: Scroll            |     2 |     3 |     2 ||     7
       Potion            |       |     8 |     9 ||    17
Armor: Scale mail        |    58 |    73 |    95 ||   226
Dodge: Dodged            |    56 |    68 |   106 ||   230
Block: Buckler           |    27 |    33 |    42 ||   102
